 Dungeon Crawl Stone Soup version 0.29.0-11-gd7f09526c8 (webtiles) character file.

Game seed: 3394087920385026882

28 greasedhog the Cutter (level 2, 0/23 HPs)
             Began as a Vampire Abyssal Knight on Sept 2, 2022.
             Was a Believer of Lugonu.
             Succumbed to an adder's poison
             ... on level 2 of the Dungeon.
             The game lasted 00:01:39 (850 turns).

greasedhog the Cutter (Vampire Abyssal Knight)       Turns: 850, Time: 00:01:40

Health: 0/23       AC:  4    Str: 12    XL:     2   Next: 96%
Magic:  3/3        EV: 12    Int: 12    God:    Lugonu [**....]
Gold:   31         SH:  0    Dex: 14    Spells: 1/1 levels left

rFire   . . .      SeeInvis +   a - +1 short sword
rCold   . . .      Faith    .   (no shield)
rNeg    . . .      Spirit   .   b - +0 leather armour
rPois   .          Reflect  .   (no helmet)
rElec   .          Harm     .   (no cloak)
rCorr   .          Rampage  .   i - +0 pair of gloves
Will    +....                   (no boots)
Stlth   ++........              (no amulet)
HPRegen 0.27/turn               h - ring of willpower
MPRegen 0.08/turn               (no ring)

@: lethally poisoned (0 -> -9), healing quickly
A: alive, fangs 3, see invisible, vampiric 1
a: Exsanguinate, Renounce Religion, Depart the Abyss, Bend Space


You were on level 2 of the Dungeon.
You worshipped Lugonu.
Lugonu was pleased with you.
You visited 1 branch of the dungeon, and saw 2 of its levels.
You visited the Abyss 1 time.

You collected 31 gold pieces.

Inventory:

Hand Weapons
 a - a +1 short sword (weapon)
Armour
 b - a +0 leather armour (worn)
 i - a +0 pair of gloves (worn)
Jewellery
 d - a ring of magical power
 h - a ring of willpower (left hand)
Scrolls
 e - a scroll of noise {unknown}
 g - 2 scrolls of enchant armour
 k - a scroll of fear {unknown}
Potions
 c - a potion of might {unknown}
 f - a potion of attraction {unknown}
 j - a potion of heal wounds {unknown}


   Skills:
 - Level 2.6 Fighting
 * Level 3.1 Short Blades
 - Level 0.7 Armour
 - Level 2.1 Dodging
 * Level 3.0 Stealth
 - Level 1.5 Invocations


You had one spell level left.
You didn't know any spells.
Your spell library contained the following spells:

 Spells                   Type           Power      Damage    Failure   Level
 Passage of Golubria      Tloc           0%         N/A       99%         4
 Petrify                  Tmut/Erth      0%         N/A       99%         4
 Metabolic Englaciation   Hex/Ice        0%         N/A       100%        5
 Silence                  Hex/Air        0%         N/A       100%        5
 Statue Form              Tmut/Erth      0%         N/A       100%        6
 Lehudib's Crystal Spear  Conj/Erth      0%         10d2      100%        8


Dungeon Overview and Level Annotations

Branches:
Dungeon (2/15)

Altars:
Xom

Shops:
D:1 :(*([


Innate Abilities, Weirdness & Mutations

Your natural rate of healing is accelerated.
You have razor-sharp teeth.
You have supernaturally acute eyesight. (SInv)
You are afflicted with vampirism.


Message History

No target in view!
No target in view!
k - a scroll labelled OPROAX VUSINIE An adder comes into view.
An adder is nearby!
An adder is nearby!
A goblin comes into view. It is wielding a +0 dagger.
The adder hisses angrily.
You closely miss the adder. Your bite misses the adder. The adder bites you.
You barely miss the adder. The adder barely misses you.
You hit the adder but do no damage. Your bite misses the adder.
The adder barely misses you.
You hit the adder.
The adder is moderately wounded.
The adder bites you.
You are poisoned.
The adder poisons you! The goblin barely misses you.
You miss the adder.
The adder is moderately wounded.
You feel sick. The adder bites you.
You are more poisoned.
The adder poisons you! The goblin hits you but does no damage.
The adder bites you.
You are lethally poisoned!
The adder poisons you!
You feel very sick. The goblin hits you but does no damage.
Keep bloodletting? [Y]es or [N]o only, please.
Keep bloodletting?
* * * LOW HITPOINT WARNING * * *
You feel very sick. The adder misses you. The goblin hits you with a +0 dagger.
* * * LOW HITPOINT WARNING * * *
You begin bloodletting.
You continue bloodletting.
* * * LOW HITPOINT WARNING * * *
You feel sick. The adder bites you but does no damage.
The goblin hits you but does no damage.
You continue bloodletting.
You die...

..............#......
........##..............
........##...............
.........#...............
.....#...................
.....#####...............
.........................
#..##...##...............
... #.. ####...@g..#....
...... #.....S....# ..
#..........# .
#..........# #..........#
############


You could see an adder and a goblin.

Vanquished Creatures
  A worm (D:2)
  An endoplasm (D:1)
  3 giant cockroaches
  A goblin (D:1)
  4 hobgoblins (D:1)
  A kobold (D:1)
  A quokka (D:1)
  6 ball pythons (D:1)
  2 bats (D:1)
  2 rats
22 creatures vanquished.

Notes
Turn   | Place    | Note
-------+----------+-------------------------------------------
     0 | Abyss:1  | greasedhog the Vampire Abyssal Knight began the quest for
                  | the Orb.
     0 | Abyss:1  | Reached XP level 1. HP: 17/17 MP: 2/2
     1 | D:1      | Escaped the Abyss
   181 | D:1      | Reached skill level 1 in Stealth
   262 | D:1      | Found a faded altar of an unknown god.
   277 | D:1      | Reached XP level 2. HP: 19/23 MP: 3/3
   371 | D:1      | Found Qoedaoph's General Store.
   386 | D:1      | Found Gelearch's Armour Shop.
   397 | D:1      | Found Plog's Weapon Emporium.
   548 | D:1      | Found Vefunk's Book Boutique.
   616 | D:1      | Found Geygguqe's Weapon Emporium.
   808 | D:2      | Found a shimmering altar of Xom.
   850 | D:2      | Succumbed to an adder's poison

Illustrated notes

Levels and vault maps discovered:
D:1:      heliophobic_arrival_henge, layout_basic,
          nicolae_ecumenical_snake_handling, serial_shops,
          nicolae_shop_bloodbath_and_beyond, shop_statue, shop,
          nicolae_shop_temple_entry_statues_fountains, shop
D:2:      layout_rooms, basic_altar, minmay_misc_feat_ornament,
          grunt_ministairs_3, st_stairs_5, uniq_natasha

Skill      XL: |  1  2 |
---------------+-------+-----
Stealth        | 1 3 |  3.0
Short Blades   | 3 |  3.1
Fighting       | |  2.6
Armour         | |  0.7
Dodging        | |  2.1
Invocations    | |  1.5

Action                   || total
-------------------------++-------
Melee: Short sword       ||   102
       Bite              ||    14
       Punch             ||     1
 Abil: Exsanguinate      ||     1
  Use: Scroll            ||     2
 Stab: Sleeping          ||     3
Armor: Leather armour    ||    24
Dodge: Dodged            ||    66
